Map: Ever Dream LE

Players

ExpecT

  • Race: Terran Terran
  • Spawn Location: 7:00

Nice - Winner!

  • Race: Protoss Protoss
  • Spawn Location: 1:00

Event: DreamHack SC2 Masters 2020 Fall

VOD

Have the link to the VOD?

Description

Time

  • Played on: Aug. 27, 2020, 8:06 a.m.
  • Length: 10:31

All games in this series

Show
View Real Time Build Order
Export as new Build Order

ExpecT Terran 

Build Orders: Reaper Expand 

Get SALT Encoding   

  12  0:00  SCV  
  13  0:12  SCV  
  14  0:17  Supply Depot  
  14  0:24  SCV  
  15  0:39  SCV  
  15  0:40  Barracks  
  16  0:44  Refinery  
  16  0:51  SCV  
  17  1:03  SCV  
  18  1:22  SCV  
  19  1:32  Reaper  
  20  1:34  Orbital Command  
  20  1:42  Command Center  
  20  1:51  Supply Depot  
  20  2:00  SCV  
  21  2:04  Factory  
  21  2:07  Marine  
  22  2:13  SCV  
  23  2:19  Bunker  
  23  2:25  SCV, Marine  
  25  2:31  Refinery  
  25  2:37  SCV  
  26  2:45  Barracks Reactor  
  25  2:56  Orbital Command  
  25  2:57  SCV  
  26  3:01  Starport  
  28  3:06  Widow Mine  
  28  3:09  SCV  
  29  3:21  SCV, Marine x2  
  29  3:25  SCV  
  33  3:29  Widow Mine  
  33  3:33  SCV  
  36  3:36  Supply Depot  
  36  3:38  Medivac, SCV  
  36  3:39  Marine x2  
  41  3:45  SCV  
  42  3:50  Barracks  
  42  3:51  SCV  
  42  3:52  Factory Tech Lab  
  43  3:58  SCV  
  43  3:59  Engineering Bay  
  44  4:02  Barracks  
  44  4:04  SCV  
  45  4:10  Starport Tech Lab, SCV  
  45  4:16  SCV  
  47  4:20  Factory Tech Lab  
  47  4:21  Supply Depot, Marine x2  
  47  4:22  SCV  
  49  4:28  Missile Turret  
  49  4:30  Terran Infantry Weapons Level 1  
  49  4:32  SCV  
  49  4:34  SCV  
  51  4:40  Siege Tank  
  54  4:47  Stimpack  
  54  4:50  SCV x2  
  56  4:55  Marine x2  
  56  4:56  Marauder  
  60  5:01  Starport Reactor, Refinery  
  60  5:02  Refinery  
  62  5:08  Supply Depot  
  62  5:10  Supply Depot  
  60  5:19  Marauder  
  60  5:20  Marine x2  
  60  5:21  SCV x2, Marauder  
  68  5:30  Siege Tank  
  68  5:35  SCV x2  
  73  5:37  Supply Depot  
  73  5:38  Medivac  
  75  5:43  Marauder x2, Marine x2  
  75  5:47  Supply Depot  
  81  5:50  Combat Shield, SCV x2  
  81  5:56  Supply Depot  
  83  6:04  Siege Tank  
  83  6:05  Supply Depot  
  83  6:08  Marauder x2, Marine x2  
  91  6:24  Command Center  
  91  6:29  Medivac x2  
  94  6:35  Concussive Shells  
  94  6:38  Marauder x2, Marine x2  
  97  6:46  SCV x2  
  98  6:52  Barracks  
  98  6:53  Barracks  
  98  6:57  Siege Tank  
  98  7:01  Marauder  
  103  7:03  Marine  
  103  7:04  Marauder  
  103  7:05  Marine  
  94  7:19  SCV x2  
  94  7:22  Medivac x2  
  98  7:28  Marauder, Marine  
  98  7:29  Siege Tank, Marauder  
  106  7:30  Marine  
  87  7:46  Orbital Command  
  87  7:50  Marauder x2, Marine x2  
  87  7:51  Barracks Reactor  
  89  7:52  Barracks Tech Lab  
  89  7:57  SCV  
  89  7:58  SCV  
  91  8:00  Terran Infantry Armor Level 1  
  91  8:01  Siege Tank  
  91  8:03  Orbital Command  
  94  8:08  Marine x2  
  94  8:11  Marauder  
  94  8:12  Marauder  
  100  8:15  SCV x2  
  102  8:23  Missile Turret  
  102  8:24  Marauder  
  102  8:25  Missile Turret, Marine  
  102  8:26  Marine  
  107  8:27  SCV  
  107  8:30  SCV  
  107  8:33  SCV, Marauder x2  
  113  8:40  Marine x2  
  115  8:41  Medivac  
  115  8:42  Medivac  
  115  8:45  Marauder  
  115  8:46  Siege Tank  
  124  8:51  Supply Depot x2  
  124  8:52  SCV x2  
  124  8:53  SCV, Supply Depot  
  124  8:54  Marauder x2  
  131  9:01  Marine  
  132  9:04  SCV  
  132  9:06  Marauder  
  117  9:13  Marine  
  117  9:16  Marauder x2  
  100  9:17  Orbital Command  
  100  9:18  Siege Tank  
  100  9:19  Marine x2  
  100  9:22  SCV x2  
  100  9:28  Marauder  
  95  9:34  Marine  
  95  9:35  Marine  
  95  9:36  Medivac  
  95  9:37  Marauder x2  
  93  9:42  SCV x3  
  95  9:47  Marine  
  95  9:49  Marauder  
  95  9:50  Siege Tank  
  98  9:58  Marauder x2, Marine x2  
  95  10:06  Marine  
  95  10:07  Marine  
  77  10:10  Marauder  
Show
View Real Time Build Order
Export as new Build Order

Nice Protoss - Winner!

Build Orders: 1 Gate Expand, Blink Stalkers, Chargelot Immortal 

Get SALT Encoding   

  12  0:00  Probe  
  13  0:12  Probe  
  14  0:18  Pylon  
  14  0:24  Probe  
  15  0:36  Probe (Chrono Boost)  
  15  0:38  Gateway  
  16  0:47  Probe (Chrono Boost)  
  16  0:48  Assimilator  
  17  0:52  Probe (Chrono Boost)  
  18  1:03  Probe  
  19  1:15  Probe  
  20  1:25  Cybernetics Core  
  19  1:36  Nexus  
  19  1:42  Pylon  
  19  1:47  Assimilator  
  19  1:50  Probe  
  20  1:58  Adept (Chrono Boost)  
  22  2:05  Shield Battery  
  22  2:06  Warp Gate  
  22  2:10  Probe  
  23  2:18  Adept (Chrono Boost)  
  23  2:22  Probe  
  26  2:34  Probe  
  27  2:37  Robotics Facility  
  27  2:47  Probe (Chrono Boost)  
  27  2:49  Stalker  
  27  2:51  Probe (Chrono Boost)  
  29  3:03  Twilight Council  
  29  3:04  Probe x2 (Chrono Boost)  
  31  3:09  Probe (Chrono Boost)  
  31  3:10  Probe  
  33  3:21  Probe  
  33  3:22  Probe  
  33  3:26  Observer (Chrono Boost)  
  36  3:32  Pylon  
  36  3:33  Probe  
  37  3:35  Blink (Chrono Boost), Probe  
  39  3:45  Probe  
  39  3:48  Gateway x2  
  39  3:50  Probe  
  39  3:55  Stalker  
  42  3:57  Probe  
  43  4:03  Probe  
  43  4:08  Observer, Pylon  
  43  4:09  Probe  
  46  4:11  Assimilator  
  46  4:15  Probe  
  47  4:21  Probe  
  48  4:27  Pylon, Probe  
  49  4:34  Nexus  
  49  4:37  Observer  
  50  4:40  Stalker  
  50  4:42  Stalker  
  54  4:46  Stalker  
  54  4:47  Probe x2  
  54  4:51  Pylon  
  58  4:58  Forge  
  58  4:59  Probe  
  60  5:00  Probe  
  60  5:06  Observer  
  60  5:09  Observer  
  60  5:10  Gateway x2  
  60  5:15  Gateway, Probe  
  60  5:17  Charge (Chrono Boost)  
  61  5:24  Gateway  
  61  5:29  Protoss Ground Weapons Level 1 (Chrono Boost)  
  61  5:31  Gateway  
  61  5:39  Stalker x2  
  65  5:43  Stalker  
  65  5:49  Immortal (Chrono Boost)  
  67  5:56  Shield Battery  
  71  5:57  Probe x3  
  71  6:03  Sentry  
  76  6:07  Stalker  
  76  6:09  Probe x3  
  76  6:10  Zealot  
  83  6:20  Stalker x2  
  83  6:21  Stalker  
  89  6:36  Immortal (Chrono Boost)  
  93  6:43  Pylon  
  93  6:45  Pylon  
  91  6:48  Stalker  
  93  7:01  Pylon  
  93  7:03  Pylon  
  93  7:04  Zealot x7  
  107  7:08  Immortal (Chrono Boost)  
  97  7:20  Zealot  
  89  7:25  Zealot x5, Sentry x2  
  89  7:28  Pylon  
  89  7:29  Probe x2  
  106  7:30  Probe  
  98  7:37  Observer  
  98  7:41  Protoss Ground Armor Level 1 (Chrono Boost)  
  84  7:45  Warp Prism (Chrono Boost)  
  84  7:48  Sentry  
  84  7:49  Zealot x5  
  98  7:55  Photon Cannon  
  98  7:56  Pylon  
  98  8:03  Stalker x2  
  102  8:10  Zealot  
  102  8:11  Zealot x3  
  110  8:13  Pylon  
  110  8:17  Photon Cannon  
  110  8:30  Zealot x4  
  110  8:31  Zealot x2  
  122  8:37  Probe x2  
  122  8:39  Probe  
  117  8:48  Stalker x2  
  121  8:59  Zealot x6  
  96  9:23  Zealot x8  
  100  9:35  Immortal (Chrono Boost)  
  94  9:43  Sentry x3  
  94  9:44  Zealot x4  
  106  9:52  Stalker  
  104  10:01  Zealot  
  104  10:05  Zealot x4  
  104  10:06  Zealot x3  
  80  10:21  Zealot  
  80  10:25  Zealot x2  
  80  10:26  Zealot x3  

Tags
 
Add a new tag
Caveats
  • Supply blocks, unpowered buildings, or Contaminate may cause inaccurate times.
  • Supply counts are checked every 10 seconds.